Map: Last Fantasy LE

Players

thejoker

  • Race: Zerg Zerg
  • League: Platinum
  • Spawn Location: 3:00

krdsl - Winner!

  • Race: Protoss Protoss
  • League: Master
  • Spawn Location: 12:00

VOD

Have the link to the VOD?

Description

Time

  • Played on: May 29, 2025, 10:20 a.m.
  • Length: 8:16
Show
View Real Time Build Order
Export as new Build Order

thejoker Zerg 

Build Orders: Hatch First 

Get SALT Encoding   

  12  0:00  Drone  
  13  0:12  Overlord  
  13  0:18  Drone  
  14  0:30  Drone x2  
  16  0:49  Hatchery  
  15  0:52  Drone  
  16  0:57  Drone  
  16  0:59  Drone  
  18  1:12  Extractor  
  18  1:14  Spawning Pool  
  16  1:28  Drone x3  
  19  1:41  Overlord  
  19  2:01  Queen  
  19  2:02  Queen  
  19  2:03  Zergling x4  
  19  2:07  Drone  
  26  2:24  Metabolic Boost  
  26  2:35  Hatchery  
  25  2:38  Drone  
  25  2:39  Drone  
  27  2:47  Queen  
  29  3:00  Drone x3  
  29  3:01  Drone  
  29  3:03  Overlord  
  33  3:10  Overlord  
  33  3:14  Drone x2  
  35  3:20  Drone  
  35  3:23  Drone  
  35  3:24  Drone x2  
  39  3:31  Drone x2  
  41  3:41  Drone x5  
  46  3:53  Drone x2  
  48  3:56  Extractor  
  48  4:00  Baneling Nest  
  48  4:02  Drone x2  
  48  4:05  Queen  
  50  4:23  Drone  
  51  4:29  Zergling x2  
  51  4:30  Zergling x12  
  58  4:31  Overlord x2  
  58  4:32  Overlord x2  
  58  4:34  Lair  
  58  4:49  Queen  
  60  4:53  Drone x5  
  65  5:05  Drone  
  65  5:06  Drone x7  
  73  5:16  Hatchery  
  73  5:18  Drone x2, Evolution Chamber  
  73  5:19  Evolution Chamber  
  72  5:32  Overseer  
  72  5:37  Extractor  
  69  5:43  Roach Warren, Centrifugal Hooks  
  69  5:44  Zergling x10  
  69  5:45  Zergling x12  
  79  5:54  Hatchery  
  78  5:58  Zerg Ground Armor Level 1, Zerg Melee Weapons Level 1  
  78  6:15  Zergling x20  
  88  6:23  Spine Crawler  
  88  6:25  Spine Crawler  
  86  6:27  Spine Crawler, Drone x2  
  86  6:28  Drone x3  
  86  6:29  Glial Reconstitution  
  90  6:36  Zergling x6  
  90  6:37  Zergling x2  
  94  6:45  Drone x2  
  96  6:47  Overlord x4  
  96  6:50  Baneling x6  
  96  6:51  Baneling x2  
  96  7:06  Zergling x24  
  88  7:14  Zergling x12  
  72  7:23  Zergling x16  
  74  7:31  Zergling x8  
  74  7:32  Baneling x5  
  74  7:33  Baneling x5  
  77  7:40  Spawning Pool  
  46  8:09  Spawning Pool  
Show
View Real Time Build Order
Export as new Build Order

krdsl Protoss - Winner!

Build Orders: 1 Gate Expand, Zealot Archon 

Get SALT Encoding   

  12  0:00  Probe  
  13  0:12  Probe  
  14  0:19  Pylon  
  14  0:24  Probe  
  15  0:36  Probe  
  15  0:40  Gateway  
  16  0:44  Probe  
  17  0:51  Assimilator  
  17  0:52  Probe  
  18  1:04  Probe  
  19  1:16  Probe  
  20  1:28  Probe  
  21  1:33  Nexus  
  21  1:40  Probe  
  22  1:47  Pylon  
  22  1:54  Cybernetics Core  
  22  1:58  Probe  
  23  2:05  Zealot  
  25  2:10  Probe  
  26  2:20  Assimilator  
  27  2:22  Probe, Warp Gate  
  27  2:26  Forge  
  27  2:29  Gateway  
  27  2:35  Stalker  
  29  2:46  Probe x2  
  31  2:58  Probe, Pylon  
  32  2:59  Probe  
  33  3:08  Probe  
  33  3:09  Probe, Zealot  
  37  3:16  Probe  
  37  3:17  Probe  
  37  3:24  Probe  
  37  3:25  Probe  
  39  3:28  Gateway  
  41  3:35  Robotics Facility  
  41  3:37  Probe  
  41  3:38  Probe  
  43  3:45  Pylon  
  43  3:47  Pylon  
  43  3:50  Probe  
  43  3:51  Probe  
  45  4:02  Probe  
  46  4:08  Probe  
  47  4:21  Probe x2  
  49  4:24  Observer  
  49  4:29  Assimilator  
  50  4:31  Assimilator  
  50  4:33  Probe x2  
  50  4:37  Observer  
  52  4:38  Twilight Council  
  52  4:40  Gateway  
  52  4:41  Gateway  
  52  4:45  Gateway  
  53  4:47  Gateway  
  53  4:49  Gateway  
  53  4:50  Pylon, Probe  
  53  4:51  Probe  
  55  4:57  Zealot x2  
  55  4:59  Immortal  
  63  5:10  Charge  
  63  5:18  Zealot x3  
  69  5:30  Warp Prism  
  69  5:42  Zealot x3  
  77  5:51  Pylon  
  77  5:53  Pylon  
  77  5:55  Pylon  
  77  6:00  Pylon  
  77  6:03  Pylon  
  77  6:09  Immortal  
  81  6:21  Templar Archives  
  81  6:28  Zealot x7  
  81  6:29  Zealot  
  97  6:49  Zealot  
  99  7:01  Zealot x7  
  75  7:18  High Templar  
  75  7:21  High Templar  
  75  7:22  High Templar x2  
  77  7:23  Zealot  
  77  7:24  Zealot x3  
  77  7:26  Archon x2  
  77  7:45  Zealot x4  
  77  7:50  Zealot  
  73  7:53  Zealot  
  73  7:54  Zealot  
  75  8:07  Zealot x5  
  75  8:12  Zealot  
Tags
 
Add a new tag
Caveats
  • Supply blocks, unpowered buildings, or Contaminate may cause inaccurate times.
  • Supply counts are checked every 10 seconds.